 Dungeon Crawl Stone Soup version 0.29-a0-555-g3b24f45cc1 (webtiles) character file.

Game seed: 1163682333478905102

531 thriggle the Sneak (level 7, -4/40 HPs)
             Began as a Kobold Enchanter on June 7, 2022.
             Was a Believer of Zin.
             Slain by Duvessa
             ... wielding a +2 vampiric short sword
              (21 damage)
             ... on level 5 of the Dungeon.
             The game lasted 00:21:08 (4977 turns).

thriggle the Sneak (Kobold Enchanter)               Turns: 4977, Time: 00:21:09

Health: -4/40      AC:  3    Str:  6    XL:     7   Next: 48%
Magic:  6/11       EV: 16    Int: 16    God:    Zin [**....]
Gold:   80         SH:  0    Dex: 17    Spells: 0/12 levels left

rFire   . . .      SeeInvis .   a - +1 dagger
rCold   . . .      Faith    .   (no shield)
rNeg    . . .      Spirit   .   b - +0 robe
rPois   .          Reflect  .   g - +0 helmet
rElec   .          Harm     .   (no cloak)
rCorr   +          Rampage  .   (no gloves)
Will    .....                   (no boots)
Stlth   ++++......              (no amulet)
HPRegen 0.13/turn               f - ring of resist corrosion
MPRegen 0.12/turn               (no ring)

@: on recite cooldown
A: small, no large weapons, nightstalker 3
a: Renounce Religion, Recite, Vitalisation, Donate Gold


You were on level 5 of the Dungeon.
You worshipped Zin.
Zin was pleased with you.
You visited 1 branch of the dungeon, and saw 5 of its levels.

You collected 173 gold pieces.
You donated 93 gold pieces to Zin.

Inventory:

Hand Weapons
 a - a +1 dagger (weapon)
 m - a +2 dagger of draining
Missiles
 h - 209 stones (quivered)
Armour
 b - a +0 robe (worn)
 g - a +0 helmet (worn)
Jewellery
 f - a ring of resist corrosion (left hand)
Scrolls
 e - a scroll of summoning {unknown}
 j - a scroll of enchant weapon {unknown}
 k - 2 scrolls of vulnerability
 l - a scroll of fog {unknown}
 o - 2 scrolls of magic mapping {unknown}
 p - a scroll of enchant armour {unknown}
Potions
 c - a potion of invisibility
 d - 2 potions of curing
 i - a potion of mutation {unknown}
 q - a potion of heal wounds
 r - a potion of haste {unknown}


   Skills:
 + Level 2.2 Fighting
 + Level 3.5 Short Blades
 + Level 1.4 Throwing
 + Level 3.6 Dodging
 + Level 5.3 Stealth
 + Level 3.1 Spellcasting
 + Level 2.0 Conjurations
 + Level 4.0 Hexes
 + Level 1.5 Ice Magic
 + Level 0.1 Air Magic
 + Level 0.3 Poison Magic
 + Level 2.0 Invocations


You couldn't memorise any spells.
You knew the following spells:

 Your Spells              Type           Power      Damage    Failure   Level
a - Magic Dart            Conj           36%        1d4       9%          1
b - Ensorcelled Hibernat  Hex/Ice        22%        N/A       9%          2
c - Confusing Touch       Hex            15%        N/A       11%         3
d - Tukima's Dance        Hex            15%        N/A       11%         3
e - Mephitic Cloud        Conj/Pois/Air  5%         N/A       36%         3

Your spell library contained the following spells:

 Spells                   Type           Power      Damage    Failure   Level
 Dazzling Flash           Conj/Hex       24%        N/A       16%         3
 Call Imp                 Summ           2%         N/A       28%         2
 Gell's Gravitas          Tloc           2%         N/A       50%         3
 Teleport Other           Tloc           2%         N/A       50%         3
 Dispersal                Tloc           1%         N/A       100%        6


Dungeon Overview and Level Annotations

Branches:
Dungeon (5/15)             Temple (0/1) D:4

Altars:
Makhleb
Zin

Annotations:
D:5 Duvessa


Innate Abilities, Weirdness & Mutations

You are small and have problems with some larger weapons.
You are completely attuned to the shadows.


Message History

Casting: Ensorcelled Hibernation (safe; 9% risk of failure)
Confirm with . or Enter, or press ? or * to list all spells.
Aiming: Ensorcelled Hibernation (safe; 9% risk of failure)
Press: ? - help, Shift-Dir - straight line, f/p - Dowan
Aim: Dowan, wielding a +0 dagger and wearing a +0 robe (chance to affect: 45%) Dowan looks drowsy...
The helpless Dowan fails to defend himself.
You impale Dowan!!
You kill Dowan!
You hear a distant scream of rage.
Things that are here:
a +0 dagger; a +0 robe; a potion of curing Duvessa goes berserk!
Duvessa rages.
Okay, then.
Casting: Ensorcelled Hibernation (safe; 9% risk of failure)
Confirm with . or Enter, or press ? or * to list all spells.
You can't see any susceptible monsters within range! (Use Z to cast anyway.) Unknown command.
Press: ? - help, v - describe, . - travel, g - get item
Here: Duvessa, wielding a +2 vampiric short sword and wearing a +0 leather armour (berserk)
Items here: a +0 dagger; a +0 robe; a potion of curing.
The floor, spattered with blood.
Activating: Recite (1% risk of failure)
Press: ? - help, Dir - look around, f - activate You clear your throat and prepare to recite. "Zin said that reverence shall be the law of the land, and..."
Duvessa barely misses you. "...those who turn to profanity will be expelled.
This was fair..."
Duvessa misses you. "...and just, and not a voice dissented."
You finish reciting Anathema 7:15.
Duvessa hits you with a +2 vampiric short sword!
You feel much better.
Duvessa hits you with a +2 vampiric short sword!
Duvessa attacks as you move away!
Duvessa hits you with a +2 vampiric short sword!
Duvessa hits you with a +2 vampiric short sword!!
Ouch! That really hurt!
You die...

..# ... #.## #.# #..
#.# .###.#### #.#
........# #.#
####.##.# #.####
#.##.# ###########
#e#... #.##.#
#.@.......# #.#.##
#.##.#
#.##e#######.####...#
####.##.#
#.#...............###
.....##.#
#.#..#######.######
#.#####.# #.#..# #.#
#.# #.# #<#.)# #.#
### #.# #.# #.#..#
#.# #.. #.#
#.####..<รท# #.# #.#
#.# #<..####.##
#.#######.#


You could see Duvessa (berserk).

Vanquished Creatures
  A scorpion (D:3)
  Dowan (D:5)
  An orc priest (D:3)
  A hound (D:5)
  A jelly (D:4)
  3 iron imps (D:4)
  An iguana (D:5)
  3 orc wizards
  Robin (D:2)
  3 gnolls
  4 adders
  A worm (D:2)
  A dart slug (D:1)
  6 orcs
  6 bats
  5 endoplasms
  2 giant cockroaches (D:1)
  12 goblins
  6 hobgoblins
  3 jackals (D:2)
  A quokka (D:3)
  3 ball pythons
  3 frilled lizards
  3 kobolds
  2 rats
74 creatures vanquished.

Vanquished Creatures (others)
  24 plants (D:4)
24 creatures vanquished.

Grand Total: 98 creatures vanquished

Notes
Turn   | Place    | Note
-------+----------+-------------------------------------------
     0 | D:1      | thriggle the Kobold Enchanter began the quest for the Orb.
     0 | D:1      | Reached XP level 1. HP: 10/10 MP: 3/3
   231 | D:1      | Learned a level 1 spell: Magic Dart
   262 | D:1      | Reached XP level 2. HP: 7/15 MP: 0/5
   672 | D:1      | Found a faded altar of an unknown god.
   679 | D:1      | Prayed at the altar of an unknown god.
   679 | D:1      | Became a worshipper of Zin the Law-Giver
   679 | D:1      | Reached * piety under Zin
   880 | D:2      | Reached XP level 3. HP: 20/20 MP: 6/6
  1041 | D:2      | Noticed Robin
  1105 | D:1      | Reached XP level 4. HP: 5/24 MP: 1/7
  1165 | D:1      | Learned a level 2 spell: Ensorcelled Hibernation
  1523 | D:2      | Reached skill level 1 in Fighting
  1625 | D:2      | Killed Robin
  1987 | D:2      | Reached skill level 1 in Conjurations
  2100 | D:2      | Reached ** piety under Zin
  2353 | D:3      | Reached skill level 1 in Invocations
  2353 | D:3      | Reached XP level 5. HP: 29/29 MP: 1/9
  2716 | D:3      | Reached skill level 1 in Ice Magic
  2716 | D:3      | Reached XP level 6. HP: 35/35 MP: 4/10
  2720 | D:3      | Learned a level 3 spell: Confusing Touch
  3378 | D:4      | Learned a level 3 spell: Tukima's Dance
  3555 | D:4      | Found a staircase to the Ecumenical Temple.
  3654 | D:4      | Reached skill level 1 in Throwing
  3654 | D:4      | Reached skill level 5 in Stealth
  4468 | D:4      | Reached XP level 7. HP: 40/40 MP: 5/11
  4488 | D:4      | Found a burning altar of Makhleb.
  4677 | D:5      | Entered Level 5 of the Dungeon
  4678 | D:5      | Donated 76 gold pieces to Zin
  4813 | D:5      | Noticed Duvessa
  4813 | D:5      | Noticed Dowan
  4841 | D:4      | Learned a level 3 spell: Mephitic Cloud
  4969 | D:5      | Killed Dowan
  4977 | D:5      | Slain by Duvessa

Illustrated notes

Levels and vault maps discovered:
D:1:      roderic_dead_forest, layout_rooms, ebering_ecumenical_altar_mist
D:2:      layout_rooms, uniq_robin
D:3:      layout_loops_ring
D:4:      layout_basic, demons_altar, minmay_temple_entry_statues_pillars,
          serial_bayou_lagoon_a
D:5:      layout_loops_ring, zin_treasury, dk_noncrumbling_4,
          minmay_manual_moon, uniq_blork_the_orc, uniq_menkaure, uniq_duvessa

Skill      XL: |  1  2  3  4  5  6  7 |
---------------+----------------------+-----
Short Blades   | 2 3 |  3.5
Fighting       | 1 2 |  2.2
Conjurations   | 1 2 |  2.0
Dodging        | 3 |  3.6
Invocations    | 1 2 |  2.0
Ice Magic      | 1 |  1.5
Throwing       | 1 |  1.4
Stealth        | 5 |  5.3
Spellcasting   | 3 |  3.1
Hexes          | 4 |  4.0
Air Magic      | |  0.1
Poison Magic   | |  0.3

Action                   |  1- 3 |  4- 6 |  7- 9 || total
-------------------------+-------+-------+-------++-------
Melee: Dagger            |    44 |   130 |    16 ||   190
       Punch             |       |     3 |       ||     3
Throw: Stone             |    10 |     1 |       ||    11
 Cast: Magic Dart        |    15 |    10 |     1 ||    26
       Ensorcelled Hiber |       |    39 |     7 ||    46
       Confusing Touch   |       |     3 |     1 ||     4
Invok: Recite            |     1 |       |     1 ||     2
       Donate Gold       |       |       |     1 ||     1
  Use: Scroll            |     3 |     4 |     1 ||     8
       Potion            |       |     6 |     1 ||     7
 Stab: Sleeping          |     8 |    33 |     4 ||    45
       Distracted        |     1 |       |       ||     1
       Confused          |       |     2 |     2 ||     4
       Invisible         |       |     1 |       ||     1
Armor: Robe              |     6 |    15 |     2 ||    23
Dodge: Dodged            |    42 |    60 |    10 ||   112

Table legend: (Time is in decaauts)
 A = Elapsed time spent in this place.
 B = Non-inter-level travel time spent in this place.
 C = Inter-level travel time spent in this place.
 D = Time resting spent in this place.
 E = Time spent auto-exploring this place.
 F = Levels seen in this place.
 G = Mean time per level.
                   A        B        C        D        E       F      G
               +--------+--------+--------+--------+--------+-----+--------+
         Total |   4966 |   4776 |    190 |   1181 |   2169 |   5 |  993.2 |
       Dungeon |   4966 |   4776 |    190 |   1181 |   2169 |   5 |  993.2 |
               +--------+--------+--------+--------+--------+-----+--------+

Top non-repeatable levels by time:
     D:1: 1566 daAuts
     D:4: 1449 daAuts
     D:3: 952 daAuts
     D:2: 732 daAuts
     D:5: 265 daAuts
